 Dungeon Crawl Stone Soup version 0.18-a0-1666-g3ea6f2b (webtiles) character file.

226 Gorice the Slasher (level 5, 0/41 HPs)
             Began as a Demonspawn Abyssal Knight on Mar 31, 2016.
             Was a Believer of Lugonu.
             Succumbed to an orc's poison
             ... on level 3 of the Dungeon.
             The game lasted 00:08:17 (2440 turns).

Gorice the Slasher (Demonspawn Abyssal Knight)      Turns: 2440, Time: 00:08:18

Health: 0/41       AC: 15    Str: 12 (13) XL:     5   Next: 69%
Magic:  6/6        EV:  5    Int: 10 (13) God:    Lugonu [**....]
Gold:   134        SH:  3    Dex: 10 (13) Spells: 0 memorised, 4 levels left

rFire  + . .     SeeInvis .     a - +1 falchion
rCold  . . .     Gourm    .     l - +0 chain mail
rNeg   . . .     Faith    .     u - +0 buckler
rPois  .         Spirit   .     (helmet restricted)
rElec  .         Dismiss  .     (no cloak)
rCorr  .         Reflect  .     n - +2 pair of gloves
SustAt .         Harm     .     i - +0 pair of boots
MR     .....                    (no amulet)
Stlth  ..........               j - ring of protection from fire
                                e - ring of stealth

@: lethally poisoned (0 -> -21), not resistant to hostile enchantments,
extremely unstealthy
A: horns 1, slimy green scales 1, powered by death 1, powered by pain 1
a: Depart the Abyss, Bend Space, Renounce Religion


You were on level 3 of the Dungeon.
You worshipped Lugonu.
Lugonu was pleased with you.
You were hungry.

You visited 1 branch of the dungeon, and saw 3 of its levels.
You visited the Abyss 1 time.

You collected 134 gold pieces.

Inventory:

Hand Weapons
 a - a +1 falchion (weapon)
Missiles
 t - 3 javelins (quivered)
 Z - 65 stones
Armour
 b - a +0 leather armour
 i - a +0 pair of boots (worn)
 l - a +0 chain mail (worn)
 n - a +2 pair of gloves (worn)
 u - a +0 buckler (worn)
Jewellery
 e - a ring of stealth (left hand)
 j - a ring of protection from fire (right hand)
Scrolls
 d - a scroll of noise {!r}
 h - a scroll of teleportation {!r}
 k - 3 scrolls of immolation {unknown}
 m - a scroll of blinking
 o - a scroll of remove curse
 p - a scroll of enchant armour {unknown}
 q - a scroll of fog {unknown}
 r - 2 scrolls of identify {unknown}
Potions
 v - a potion of magic {unknown}
Comestibles
 c - 3 bread rations {!e}
 f - 4 beef jerkies
 s - a chunk of flesh
 w - 3 fruits


   Skills:
 - Level 3.3 Fighting
 * Level 4.5 Long Blades
 + Level 3.1 Armour
 - Level 1.0 Dodging
 - Level 2.4 Invocations


You had 4 spell levels left.
You didn't know any spells.

Dungeon Overview and Level Annotations

Branches:
Dungeon (3/15)

Altars:
Yredelemnul

Annotations:
D:2 Sigmund


Innate Abilities, Weirdness & Mutations

You have a pair of small horns on your head.
You are partially covered in slimy green scales (AC +2).
You regenerate a little health from kills.
You sometimes gain a little power by taking damage.


Message History

You feel very sick. The orc hits you but does no damage.
You are more poisoned.
Damage: 3 (max 3)
You feel very sick.
Damage: 3 (max 3)
The orc wizard shouts!
You hit the orc.
The orc is almost dead.
You feel very sick. The orc hits you but does no damage.
You are more poisoned.
Damage: 3 (max 3)
You feel very sick.
Damage: 4 (max 4)
You are feeling hungry.
* * * LOW HITPOINT WARNING * * *
You feel very sick.
Damage: 3 (max 4)
* * * LOW HITPOINT WARNING * * *
You feel very sick.
Damage: 3 (max 4)
* * * LOW HITPOINT WARNING * * *
You feel very sick.
Damage: 2 (max 4)
* * * LOW HITPOINT WARNING * * *
You feel very sick.
Damage: 3 (max 4)
* * * LOW HITPOINT WARNING * * *
You feel sick.
Damage: 2 (max 4)
* * * LOW HITPOINT WARNING * * *
You feel sick.
Damage: 2 (max 4)
* * * LOW HITPOINT WARNING * * *
You feel very sick.
The orc wizard gestures wildly while chanting.
The orc wizard blinks!
Damage: 3 (max 4)
* * * LOW HITPOINT WARNING * * *
You feel sick.
Damage: 2 (max 4)
* * * LOW HITPOINT WARNING * * *
You feel sick.
Damage: 1 (max 4) Drink which item? (? for menu, Esc to quit)
It was a potion of degeneration.
There was something very wrong with that liquid.
You feel weakened.
You feel dopey.
You feel clumsy.
You die...

#.# #...# #.).....
#.# #.### #.......
#o# #.# #....... #.#
#o# #......#
###.###.# #......#
#.......#####......#
#.#o####....[......#
#.#.# #......)....#
#.#@# #........####
#.#.# #........#
#.#.# #........#
#.#.# #........#
#.#.# ##########
#.#.#######
#.#.......#
#.#######.# #.# #.#


You could see 2 orcs.

Vanquished Creatures
  An orc priest (D:3)
  3 adders (D:2)
  2 oozes
  An adder skeleton (D:3)
  A worm (D:2)
  2 dart slugs
  A giant gecko (D:2)
  8 orcs (D:3)
  2 giant cockroaches
  8 hobgoblins
  9 kobolds
  2 ball pythons (D:1)
  9 bats
  3 giant newts
  A goblin (D:1)
  5 rats
58 creatures vanquished.

Vanquished Creatures (others)
  A sky beast (D:3)
1 creature vanquished.

Grand Total: 59 creatures vanquished

Notes
Turn   | Place    | Note
--------------------------------------------------------------
     0 | Abyss:1  | Gorice the Demonspawn Abyssal Knight began the quest for the Orb.
     0 | Abyss:1  | Reached XP level 1. HP: 18/18 MP: 2/2
    30 | D:1      | Escaped the Abyss
    34 | D:1      | Reached skill level 1 in Dodging
   232 | D:1      | Reached skill level 2 in Long Blades
   458 | D:1      | Gained mutation: You are partially covered in slimy green scales (AC +2). [demonic ancestry]
   458 | D:1      | Reached XP level 2. HP: 23/24 MP: 3/3
   644 | D:1      | Reached ** piety under Lugonu
   764 | D:1      | Reached skill level 2 in Armour
   954 | D:2      | Found a basalt altar of Yredelemnul.
  1003 | D:2      | Gained mutation: You sometimes gain a little power by taking damage. [demonic ancestry]
  1003 | D:2      | Reached XP level 3. HP: 29/29 MP: 4/4
  1094 | D:2      | Reached skill level 3 in Long Blades
  1371 | D:2      | Noticed Sigmund
  1455 | D:2      | Gained mutation: You regenerate a little health from kills. [demonic ancestry]
  1455 | D:2      | Reached XP level 4. HP: 28/35 MP: 5/5
  2169 | D:3      | Reached *** piety under Lugonu
  2237 | D:3      | Noticed a sky beast
  2264 | D:3      | HP: 8/35 [sky beast (6)]
  2266 | D:3      | HP: 2/35 [something (5)]
  2289 | D:3      | Banished a sky beast
  2289 | D:3      | Reached skill level 4 in Long Blades
  2289 | D:3      | Reached skill level 3 in Armour
  2289 | D:3      | Gained mutation: You have a pair of small horns on your head. [demonic ancestry]
  2289 | D:3      | Reached XP level 5. HP: 6/41 MP: 6/6
  2434 | D:3      | HP: 11/41 [poisoned by an orc]
  2437 | D:3      | HP: 4/41 [poisoned by an orc]
  2439 | D:3      | HP: 1/41 [poisoned by an orc]
  2440 | D:3      | Succumbed to an orc's poison

Vault maps used:
D:1:      matt_arrival_grand_opening, item_on_display_b
D:2:      yredelemnul_altar_generic, first_bread, uniq_sigmund

Skill      XL: |  1  2  3  4 |
---------------+-------------+-----
Dodging        | 1 |  1.0
Long Blades    | 2 3 4 |  4.5
Armour         | 2 3 |  3.1
Fighting       | |  3.3
Invocations    | |  2.4

Action                   |  1- 3 |  4- 6 || total
-------------------------+-------+-------++-------
Melee: Falchion          |   132 |   104 ||   236
Throw: Javelin           |       |     3 ||     3
Invok: Banish            |       |     1 ||     1
  Use: Scroll            |     5 |       ||     5
       Potion            |       |     1 ||     1
 Stab: Sleeping          |     4 |       ||     4
  Eat: Chunk             |     2 |     3 ||     5

Table legend:
 A = Turns spent in this place as a percentage of turns spent in the entire game.
 B = Non-inter-level travel turns spent in this place as a percentage of non-inter-level travel turns spent in the entire game.
 C = Inter-level travel turns spent in this place as a percentage of turns spent in this place.
 D = Turns resting spent in this place as a percentage of non-inter-level travel turns spent in this place.
 E = Turns spent auto-exploring this place as a percentage of non-inter-level travel turns spent in this place.
 F = Non-inter-level travel turns spent in this place divided by the number of levels of this place that you've seen.
                   A       B       C       D       E      F
               +-------+-------+-------+-------+-------+----------------------
         Total | 100.0 | 100.0 |   0.5 |   1.0 |   6.8 | 243.0
       Dungeon |  97.0 |  97.0 |   0.5 |   1.1 |   7.0 | 314.3
         Abyss |   3.0 |   3.0 |   0.0 |   0.0 |   0.0 |  29.0
               +-------+-------+-------+-------+-------+----------------------

Vault maps used:
D:1:      matt_arrival_grand_opening, item_on_display_b
D:2:      yredelemnul_altar_generic, first_bread, uniq_sigmund
